 Dungeon Crawl Stone Soup version 0.31-a0-229-g1fc7ce93e2 (webtiles) character file.

Game seed: 9696870380000921042

359 qw the Chopper (level 6, -4/39 HPs)
             Began as a Gargoyle Fighter on July 6, 2023.
             Killed by divine providence
             ... invoked by an orc priest
              (12 damage)
             ... on level 5 of the Dungeon.
             The game lasted 00:01:33 (4403 turns).

qw the Chopper (Gargoyle Fighter)                   Turns: 4403, Time: 00:01:34

Health: -4/39      AC: 18    Str: 22    XL:     6   Next: 65%
Magic:  6/6        EV:  8    Int:  8    God:
Gold:   239        SH:  0    Dex:  9    Spells: 5/5 levels left

rFire   . . .        Y - +1 war axe
rCold   . . .        c - +0 buckler
rNeg    + . .        f - +0 chain mail
rPois   inf          n - +0 helmet
rElec   +            (no cloak)
rCorr   .            (no gloves)
SInv    .            (no boots)
Will    .....        (no amulet) Stlth
                     m - +4 ring of protection
HPRegen 0.26/turn    (no ring)
MPRegen 0.10/turn

%: no passive effects
@: confused
A: sickness immunity, AC +4, negative energy resistance 1, electricity
resistance, torment resistance 1, petrification resistance
a: no special abilities


You were on level 5 of the Dungeon.
You visited 1 branch of the dungeon, and saw 5 of its levels.

You collected 239 gold pieces.


Innate Abilities, Weirdness & Mutations

You are immune to sickness and miasma.
Your stone body is resilient. (AC +4)
You are immune to poison.
You resist negative energy. (rN+)
You are resistant to electric shocks. (rElec)
You are resistant to unholy torment.
You are immune to petrification.


   Skills:
 - Level 4.4 Fighting
 + Level 5.7 Axes
 - Level 3.2 Armour
 - Level 3.2 Shields


You had 5 spell levels left.
You didn't know any spells.
Your spell library was empty.

Inventory:

Hand Weapons
 k - a +0 mace
 Y - a +1 war axe (weapon)
Armour
 c - a +0 buckler (worn)
 f - a +0 chain mail (worn)
 n - a +0 helmet (worn)
Jewellery
 m - a +4 ring of protection (left hand)
Potions
 a - a potion of lignification {unknown}
 b - a potion of resistance {unknown}
 d - 5 potions of might
 e - a potion of invisibility {unknown}
 h - a potion of curing {unknown}
 j - a potion of ambrosia {unknown}
 l - a potion of cancellation
 o - a potion of degeneration {unknown}

Dungeon Overview and Level Annotations

Branches:
Dungeon (5/15)
 Temple: D:4-7

Altars:
Fedhas

Annotations:
D:2 1 runed translucent door, Crazy Yiuf


Message History

The orc wizard mumbles some strange words.
The orc wizard flickers and vanishes!
Deactivating autopickup; reactivate with Ctrl-A.
The orc hits you but does no damage. The hound bites you but does no damage.
You hit the hound but do no damage.
The hound is heavily wounded.
You hit the shadow imp but do no damage.
You barely miss the orc. The hound bites you but does no damage.
The shadow imp gestures at you. Pain shoots through your body!
You are confused.
The orc hits you but does no damage. The hound bites you but does no damage.
The shadow imp spits at you.
The shadow imp hits you but does no damage.
The orc hits you but does no damage. The hound bites you but does no damage.
The shadow imp hits you but does no damage.
The orc closely misses you. The hound bites you.
A dart slug comes into view.
The hound closely misses you.
The shadow imp hits you but does no damage.
The orc hits you but does no damage. The hound barely misses you.
The shadow imp hits you but does no damage.
The orc priest calls down the wrath of Beogh upon you.
Pain shoots through your body! The orc hits you but does no damage.
The hound bites you but does no damage. The hound closely misses you.
The shadow imp barely misses you.
The orc priest calls down the wrath of Beogh upon you.
Pain shoots through your body! The orc barely misses you.
The hound bites you but does no damage.
The shadow imp hits you but does no damage.
The orc barely misses you. The hound bites you but does no damage.
The hound closely misses you. The shadow imp barely misses you.
The orc priest mumbles some strange prayers to Beogh against you.
Beogh smites you!
You die...

... ..# #
..# #...
#..## .##..
....#
.....##...
...#..#..#
<.....5@###
...w..ooh.#
.....#..#.#
.... ##.<.#
... #...#
.. #.#.# .
#.#.# #....
......


You could see a hound, an orc priest, a shadow imp, a dart slug and an orc.

Vanquished Creatures
  A black bear (D:4)
  An ogre (D:4)
  A phantom (D:5)
  Terence (D:3)
  Robin (D:2)
  2 worms
  3 orcs
  10 endoplasms
  4 giant cockroaches
  10 goblins
  7 hobgoblins
  3 jackals (D:1)
  2 quokkas
  4 ball pythons
  3 bats
  2 frilled lizards
  7 kobolds
  4 rats
66 creatures vanquished.

Notes
Turn   | Place    | Note
-------+----------+-------------------------------------------
     0 | D:1      | qw the Gargoyle Fighter began the quest for the Orb.
     0 | D:1      | Reached XP level 1. HP: 14/14 MP: 1/1
     0 | D:1      | 0 ||| qw: Version: 0.3-a-46-gb1f654a
     0 | D:1      | 0 ||| qw: Game counter: 1090
     0 | D:1      | 0 ||| qw: Melee chars always use a shield: true
     0 | D:1      | 0 ||| qw: God list: Okawaru
     0 | D:1      | 0 ||| qw: Allow faded altars: false
     0 | D:1      | 0 ||| qw: Do Orc after clearing Dungeon:15 true
     0 | D:1      | 0 ||| qw: Do second Lair branch before Depths: true
     0 | D:1      | 0 ||| qw: Lair rune preference: random
     0 | D:1      | 0 ||| qw: Goals: Normal, Zot:1-4, Slime:5, God:TSO, Crypt,
                  | Tomb, Abyss, Pan, Hells, Win
     0 | D:1      | 0 ||| PLANNING D:1-11
    26 | D:1      | 26 ||| Stepping ~*~*~tactically~*~*~ (stealth).
    35 | D:1      | Reached skill level 2 in Axes
   172 | D:1      | Reached XP level 2. HP: 11/19 MP: 2/2
   287 | D:1      | Found a faded altar of an unknown god.
   289 | D:1      | Noticed a great orb of eyes
   289 | D:1      | Noticed a floating eye
   295 | D:1      | Noticed a golden eye
   462 | D:1      | Noticed a golden eye
   467 | D:1      | 467 ||| UPGRADING to +0 chain mail.
   503 | D:1      | 503 ||| DROPPING +0 scale mail.
   523 | D:1      | 523 ||| Stepping ~*~*~tactically~*~*~ (stealth).
  1007 | D:1      | 1007 ||| READING scroll labelled BETECEGOLU.
  1011 | D:1      | 1011 ||| READING scroll labelled FOPRIU FUDE.
  1135 | D:2      | Found a runed translucent door.
  1136 | D:2      | Noticed Crazy Yiuf
  1230 | D:2      | Reached skill level 3 in Axes
  1256 | D:2      | Reached XP level 3. HP: 20/23 MP: 3/3
  1267 | D:2      | 1267 ||| DROPPING +0 club.
  1501 | D:2      | Noticed Robin
  1502 | D:2      | 1502 ||| Stepping ~*~*~tactically~*~*~ (hiding).
  1503 | D:2      | 1503 ||| Stepping ~*~*~tactically~*~*~ (hiding).
  1514 | D:2      | Killed Robin
  1530 | D:2      | 1530 ||| FLEEEEING.
  1531 | D:2      | 1531 ||| FLEEEEING.
  1532 | D:2      | 1532 ||| FLEEEEING.
  1533 | D:2      | 1533 ||| FLEEEEING.
  1534 | D:2      | 1534 ||| FLEEEEING.
  1536 | D:2      | 1536 ||| FLEEEEING.
  1537 | D:2      | 1537 ||| FLEEEEING.
  1539 | D:2      | 1539 ||| FLEEEEING.
  1540 | D:2      | 1540 ||| FLEEEEING.
  1541 | D:2      | 1541 ||| FLEEEEING.
  1542 | D:2      | 1542 ||| FLEEEEING.
  1543 | D:2      | 1543 ||| FLEEEEING.
  1545 | D:2      | 1545 ||| FLEEEEING.
  1546 | D:2      | 1546 ||| FLEEEEING.
  1547 | D:2      | 1547 ||| FLEEEEING.
  1548 | D:2      | 1548 ||| FLEEEEING.
  1549 | D:2      | 1549 ||| FLEEEEING.
  1550 | D:2      | 1550 ||| FLEEEEING.
  1554 | D:2      | 1554 ||| FLEEEEING.
  1556 | D:2      | 1556 ||| FLEEEEING.
  1557 | D:2      | 1557 ||| FLEEEEING.
  1558 | D:2      | 1558 ||| FLEEEEING.
  1560 | D:2      | 1560 ||| FLEEEEING.
  1561 | D:2      | 1561 ||| FLEEEEING.
  1563 | D:2      | 1563 ||| FLEEEEING.
  1566 | D:2      | 1566 ||| FLEEEEING.
  1567 | D:2      | 1567 ||| FLEEEEING.
  1570 | D:2      | 1570 ||| FLEEEEING.
  1571 | D:2      | 1571 ||| FLEEEEING.
  1575 | D:2      | 1575 ||| FLEEEEING.
  1576 | D:2      | 1576 ||| FLEEEEING.
  1577 | D:2      | 1577 ||| FLEEEEING.
  1580 | D:2      | 1580 ||| Stepping ~*~*~tactically~*~*~ (hiding).
  1581 | D:2      | 1581 ||| FLEEEEING.
  1582 | D:2      | 1582 ||| Stepping ~*~*~tactically~*~*~ (hiding).
  1589 | D:2      | Reached XP level 4. HP: 27/28 MP: 4/4
  2212 | D:2      | 2212 ||| UPGRADING to +0 helmet.
  2217 | D:2      | 2217 ||| UPGRADING to +4 ring of protection.
  2218 | D:2      | 2218 ||| READING scroll labelled LYCWAR JILASCH.
  2219 | D:2      | 2219 ||| READING 3 scrolls labelled NUTUJ ARRIROTE.
  2220 | D:2      | 2220 ||| READING scroll labelled GEOMUIGI RUIN.
  2321 | D:2      | 2321 ||| READING scroll labelled HEOTWO NYUCELU.
  2322 | D:2      | 2322 ||| READING scroll labelled PICLIQ XYAX.
  2323 | D:2      | 2323 ||| DROPPING 2 scrolls of poison.
  2614 | D:3      | Noticed Terence
  2628 | D:3      | Killed Terence
  2629 | D:3      | Reached skill level 4 in Axes
  2635 | D:3      | 2635 ||| DROPPING +0 whip.
  2910 | D:3      | Found a blossoming altar of Fedhas.
  3216 | D:3      | 3216 ||| READING scroll labelled MIXKIHI YKINU.
  3242 | D:4      | 3242 ||| Stepping ~*~*~tactically~*~*~ (hiding).
  3415 | D:4      | Noticed a black bear
  3420 | D:4      | Killed a black bear
  3421 | D:4      | Reached skill level 5 in Axes
  3421 | D:4      | Reached XP level 5. HP: 30/32 MP: 5/5
  4010 | D:4      | Noticed an ogre
  4016 | D:4      | Killed an ogre
  4017 | D:4      | Reached XP level 6. HP: 22/39 MP: 6/6
  4142 | D:4      | 4142 ||| DROPPING +6 ring of intelligence.
  4143 | D:4      | 4143 ||| READING scroll labelled XEITALL SONI.
  4144 | D:4      | 4144 ||| DRINKING 2 inky potions.
  4180 | D:5      | Entered Level 5 of the Dungeon
  4180 | D:5      | Noticed a hornet
  4182 | D:5      | 4182 ||| STAIRDANCE
  4190 | D:4      | HP: 1/39 [hornet (13)]
  4191 | D:4      | 4191 ||| READING scroll of teleportation.
  4368 | D:5      | 4368 ||| Stepping ~*~*~tactically~*~*~ (stealth).
  4401 | D:5      | HP: 8/39 [orc priest/nerve-wracking pain (6)]
  4403 | D:5      | Killed from afar by an orc priest

Levels and vault maps discovered:
D:1:      lemuel_arrival_cross, layout_basic,
          hellmonk_ecumenical_altar_watching_god, chequers_serial_rivers_micro_b
D:2:      layout_loops_corners, uniq_crazy_yiuf_cottage, uniq_robin
D:3:      layout_basic, mainiacjoe_overflow_paths, uniq_terence
D:4:      layout_basic
D:5:      layout_rooms, nicolae_overflow_hidden_temple, lemuel_doored_altar,
          nrook_campfire, st_stairs_5, grunt_ministairs_15, serial_bayou_lake_a

Skill      XL: |  1  2  3  4  5 |
---------------+----------------+-----
Axes           | 2 3 5 |  5.7
Fighting       | 4 |  4.4
Armour         | |  3.2
Shields        | |  3.2

Action                     |  1- 3 |  4- 6 || total
---------------------------+-------+-------++-------
  Melee: War axe           |   112 |   112 ||   224
    Use: Scroll            |     2 |     8 ||    10
         Potion            |       |     1 ||     1
 Armour: Scale mail        |    24 |       ||    24
         Chain mail        |    46 |    76 ||   122
  Dodge: Dodged            |    56 |    48 ||   104
  Block: Buckler           |    19 |    25 ||    44

Table legend:
 A = Non-vault XP
 B = Vault XP
 C = Vault XP percentage of total XP
 D = Non-vault monster count
 E = Vault monster count
 F = Vault count percentage of total count
                 A         B        C        D         E       F
            +---------+---------+-------+---------+---------+-------
      Total |     440 |      74 |  14.4 |      52 |      14 |  21.2
            +---------+---------+-------+---------+---------+-------
        D:1 |      27 |       0 |   0.0 |      16 |       0 |   0.0
        D:2 |      23 |      38 |  62.3 |      14 |      13 |  48.1
        D:3 |      14 |      36 |  72.0 |       7 |       1 |  12.5
        D:4 |     268 |       0 |   0.0 |      13 |       0 |   0.0
        D:5 |     108 |       0 |   0.0 |       2 |       0 |   0.0
            +---------+---------+-------+---------+---------+-------
